 Dungeon Sprint DCSS version 0.23.2-1-ga50397a6bc (webtiles) character file.

Game seed: 10604661238598783618

12679 Burgietje the Slayer (level 11, -1/124 HPs)
             Began as a Gargoyle Fighter on May 16, 2019.
             Was the Champion of Jiyva.
             Killed from afar by a spriggan air mage (8 damage)
             ... with a bolt of lightning
             ... in the Dungeon (Sprint V: "Ziggurat Sprint").
             The game lasted 00:08:34 (924 turns).

Burgietje the Slayer (Gargoyle Fighter)              Turns: 924, Time: 00:08:35

Health: -1/124     AC: 36    Str: 32    XL:     11   Next: 97%
Magic:  11/11      EV:  6    Int: 11    God:    Jiyva [******]
Gold:   0          SH: 14    Dex: 17    Spells: 1/10 levels left

rFire    + . .     SeeInvis +   K - +8 lance "Wyrmbane" {slay drac, rPois rF+ rC+ AC+3}
rCold    + . .     Gourm    .   m - +3 shield
rNeg     + . .     Faith    .   l - +5 crystal plate armour
rPois    ∞         Spirit   .   E - +3 crown of Dyrovepreva {rElec Int+2 SInv}
rElec    +         Reflect  .   (no cloak)
rCorr    +         Harm     .   (no gloves)
MR       .....     NoTele   +   (no boots)
Stlth    ..........             (no amulet)
HPRegen  0.30/turn              B - +6 ring of dexterity
MPRegen  0.12/turn              F - +6 ring of strength

@: mighty, very slightly contaminated, hasted, quick
A: antennae 1, repulsion field 2, rugged brown scales 1, see invisible, negative
energy resistance 1, robust 2, electricity resistance, unbreathing, evolution 1,
jelly absorbing missiles, petrification resistance, rot immunity, AC +8
a: Request Jelly, Slimify, Cure Bad Mutation, Renounce Religion


You were in the Dungeon.
You worshipped Jiyva.
Jiyva was exalted by your worship.
You were completely stuffed.

You visited 1 branch

Inventory:

Hand Weapons
 K - the +8 lance "Wyrmbane" (weapon) {slay drac, rPois rF+ rC+ AC+3}
   (You found it in the Dungeon)

   It affects your AC (+3).
   It protects you from fire.
   It protects you from cold.
   It protects you from poison.
Armour
 l - a +5 crystal plate armour (worn)
 m - a +3 shield (worn)
 E - the +3 crown of Dyrovepreva (worn) {rElec Int+2 SInv}
   (You found it in the Dungeon)

   It affects your intelligence (+2).
   It insulates you from electricity.
   It lets you see invisible.
Magical Staves
 H - an uncursed staff of energy
Jewellery
 B - a +6 ring of dexterity (left hand)
 C - a +6 ring of dexterity
 F - a +6 ring of strength (right hand)
 G - a +6 ring of strength
 S - a +5 ring of intelligence
 V - the ring of Existentialism {rPois Int+7}
   (You found it in the Dungeon)

   [ring of poison resistance]

   It affects your intelligence (+7).
   It protects you from poison.
Wands
 y - a wand of disintegration (7)
 z - a wand of iceblast (7)
 A - a wand of acid (7)
Scrolls
 n - a scroll of brand weapon
 o - 7 scrolls of fog
 p - a scroll of holy word
 q - 5 scrolls of identify
 r - 5 scrolls of remove curse
 s - a scroll of fear
 R - 4 scrolls of enchant weapon
Potions
 d - 3 potions of might
 e - 10 potions of curing
 h - 5 potions of haste
 i - 7 potions of magic
 j - 3 potions of berserk rage
 t - 2 potions of brilliance
 u - 2 potions of invisibility
 v - 4 potions of resistance
 w - a potion of experience
 x - 5 potions of agility
Miscellaneous
 a - a phantom mirror
 b - a fan of gales
 c - a box of beasts
 D - a lamp of fire
 I - a crystal ball of energy
 J - a lightning rod (4/4)
 L - a sack of spiders
 M - a lamp of fire
 N - a crystal ball of energy
 O - a lightning rod (4/4)
 P - a lamp of fire
 Q - a lamp of fire
 T - a lightning rod (4/4)
 U - a lamp of fire
Comestibles
 f - 7 rations


   Skills:
 - Level 25.9 Fighting
   Level 1.7(4.8) Axes
 + Level 7.1(7.2) Polearms
 - Level 3.2 Armour
 - Level 3.2 Shields
 + Level 6.4 Air Magic


You had one spell level left.
You knew the following spells:

 Your Spells              Type           Power        Failure   Level  Hunger
a - Tornado               Air            ##........   100%        9    #######

Your spell library contained the following spells:

 Spells                   Type           Power        Failure   Level  Hunger
 Apportation              Tloc           #.....       100%        1    ##.....
 Corona                   Hex            #......      100%        1    ##.....
 Ensorcelled Hibernation  Hex/Ice        #.....       100%        2    ###....
 Throw Flame              Conj/Fire      #.....       100%        2    ###....
 Confuse                  Hex            #.......     100%        3    ####...
 Dazzling Spray           Conj/Hex       #.....       100%        3    ####...
 Mephitic Cloud           Conj/Pois/Air  #.......     100%        3    ####...
 Portal Projectile        Hex/Tloc       #.....       100%        3    ####...
 Recall                   Summ/Tloc      N/A          100%        3    ####...
 Spider Form              Tmut/Pois      #.........   100%        3    ####...
 Static Discharge         Conj/Air       #.......     100%        3    ####...
 Summon Guardian Golem    Hex/Summ       #.......     100%        3    ####...
 Tukima's Dance           Hex            #.......     100%        3    ####...
 Force Lance              Conj/Tloc      #.......     100%        4    #####..
 Ice Form                 Ice/Tmut       #.......     100%        4    #####..
 Passage of Golubria      Tloc           N/A          100%        4    #####..
 Summon Lightning Spire   Summ/Air       #.......     100%        4    #####..
 Alistair's Intoxication  Tmut/Pois      #.......     100%        5    ######.
 Aura of Abjuration       Summ           #.........   100%        5    ######.
 Bolt of Magma            Conj/Fire/Erth #.........   100%        5    ######.
 Lightning Bolt           Conj/Air       #.........   100%        5    ######.
 Metabolic Englaciation   Hex/Ice        #.........   100%        5    ######.
 Silence                  Hex/Air        #.........   100%        5    ######.
 Summon Demon             Summ           #.........   100%        5    ######.
 Summon Forest            Summ/Tloc      #.........   100%        5    ######.
 Summon Mana Viper        Hex/Summ       #.......     100%        5    ######.
 Bolt of Cold             Conj/Ice       #.........   100%        6    #######
 Conjure Ball Lightning   Conj/Air       #.........   100%        6    #######
 Deflect Missiles         Chrm/Air       #.........   100%        6    #######
 Freezing Cloud           Conj/Ice/Air   #.........   100%        6    #######
 Ozocubu's Refrigeration  Ice            #.........   100%        6    #######
 Shadow Creatures         Summ           N/A          100%        6    #######
 Simulacrum               Ice/Necr       #.........   100%        6    #######
 Ring of Flames           Chrm/Fire      #.........   100%        7    #######
 Ignition                 Fire           #.........   100%        8    #######
 Shatter                  Erth           #.........   100%        9    #######


Dungeon Overview and Level Annotations

Branches:
Dungeon (1/1)

Altars:
Ashenzari
Cheibriados
Dithmenos
Elyvilon
Fedhas
Gozag
Hepliaklqana
Kikubaaqudgha
Makhleb
Nemelex Xobeh
Okawaru
Qazlal
Ru
Sif Muna
Trog
Uskayaw
Vehumet
Wu Jian
Xom
Yredelemnul
Zin
The Shining One
Beogh
Jiyva
Lugonu

Annotations:
D exclusion: oklob plant


Innate Abilities, Weirdness & Mutations

You are resistant to torment.
Your stone body is resilient. (AC +8)
You are immune to poison.
You resist negative energy. (rN+)
You are resistant to electric shocks. (rElec)
You can survive without breathing.
You are immune to petrification.
You are immune to rotting.
You have a pair of small antennae on your head.
You are surrounded by a moderate repulsion field. (EV +3)
You are partially covered in rugged brown scales. (AC +1, +3% HP)
You have supernaturally acute eyesight. (SInv)
You are very robust. (+20% HP)
You evolve.
You have a small jelly attached to you that may absorb incoming projectiles.


Message History

Splash!
You fall into the shallow water.
Moving in this stuff is going to be slow.
The merfolk javelineer throws a javelin.
The javelin hits you but does no damage.
You hear a splash.
You hear an angry growl.
You see here a javelin.
The merfolk mumbles, "Damn and blast!"
You hear an angry growl.
The water nymph barely misses you.
Cornered, the merfolk turns to fight!
You hear a shout!
Cornered, the harpy turns to fight!
Cornered, the merfolk javelineer turns to fight!
The merfolk javelineer throws a javelin.
You block the javelin.
You hear a splash.
You hear a bellow!
The spriggan air mage gestures at you while chanting.
The bolt of lightning hits the water elemental!
The water elemental resists.
The bolt of lightning hits you! You resist.
You die...

▓..▓.......▓..▓..J(.©...
▓. ▓▓..Y..▓▓ .▓▓▓▓▓▓▓▓▓▓
▓..▓...Yi..▓..▓...{8©8..
, ,
▓.b..hJ)......▓..[.....[
▓.....iY......▓.......|J
,
▓▓▓▓▓▓▓▓▓▓▓▓▓▓▓.........
,
▓.≈m.≈8m8≈≈mmm▓.........
▓m}mm||")=[mmH▓.........
▓≈≈≈≈))@[}[[≈.▓.........
▓..≈≈≈≈≈.≈.≈.m▓..▓.)...▓
▓.≈.≈≈m(.≈..≈≈▓.▓▓▓)..▓▓
▓.≈.≈≈≈(≈...≈≈▓..▓.)...▓
▓≈....≈≈≈i≈m≈.▓...))©...
▓≈.....E.≈.≈.s▓▓▓▓▓▓▓▓▓▓
▓≈≈▓≈..i...▓≈.▓...8©8...
▓.▓▓▓≈.m..▓▓▓.▓.........
▓≈≈▓≈≈....≈▓.≈▓...G...J.


You could see 3 merfolk impalers, 3 merfolk javelineers, a spriggan defender, a
wolf spider (fleeing), 4 merfolk, a spriggan air mage, a water elemental, a
merfolk siren (fleeing), 3 water nymphs and a harpy.

Vanquished Creatures
  A vault warden (D)
  3 vault guards (D)
  2 spriggan berserkers (D)
  A wolf spider (D)
  2 ugly things (D)
  A cyclops (D)
  A rime drake (shapeshifter) (D)
  A yaktaur (D)
  2 rime drakes (D)
  5 merfolk (D)
  A hornet (D)
  2 hippogriffs (D)
  3 steam dragons (D)
  A warg (D)
  2 acid dragons (D)
  A necrophage (D)
  A tengu (shapeshifter) (D)
  2 ogres (D)
  A phantom (D)
  3 centaurs (D)
  A scorpion (shapeshifter) (D)
  2 orc wizards (D)
  3 adder skeletons (D)
  3 orcs (D)
  A leopard gecko skeleton (D)
46 creatures vanquished.

Vanquished Creatures (collateral kills)
  An orc warlord (D)
  An orc high priest (D)
  An orc knight (D)
  An orc sorcerer (D)
  4 merfolk (D)
  A troll (D)
  An orc warrior (D)
  2 ogres (D)
  An orc priest (D)
  2 orc wizards (D)
15 creatures vanquished.

Vanquished Creatures (others)
  Dissolution (D)
  Agnes (D)
  Frances (D)
  Louise (D)
  Erica (D)
  A sea snake (D)
  Joseph (D)
  A slime creature (D)
  Eustachio (D)
  Duvessa (D)
  An eye of draining (shapeshifter) (D)
  Dowan (D)
  17 jellies (D)
  Terence (D)
  Ijyb (D)
31 creatures vanquished.

Grand Total: 92 creatures vanquished

Notes
Turn   | Place    | Note
-------+----------+-------------------------------------------
     0 | D        | Found the +6 Majin-Bo {vamp, Archmagi MP+6 Int+6}
     0 | D        | Found the +7 great mace "Firestarter" {inner flame, rF++}
     0 | D        | Burgietje the Gargoyle Fighter began the quest for the Orb.
     0 | D        | Reached XP level 1. HP: 14/14 MP: 1/1
     3 | D        | Found a blossoming altar of Fedhas.
     4 | D        | Found a viscous altar of Jiyva.
     4 | D        | Found a hazy altar of Hepliaklqana.
     4 | D        | Found a transporter.
     4 | D        | Found an opulent altar of Gozag.
     4 | D        | Found an ancient bone altar of Kikubaaqudgha.
     4 | D        | Found a corrupted altar of Lugonu.
     5 | D        | Killed Eustachio
    12 | D        | Found a burning altar of Makhleb.
    13 | D        | Found a sacrificial altar of Ru.
    13 | D        | Found a stormy altar of Qazlal.
    13 | D        | Found a deep blue altar of Sif Muna.
    13 | D        | Found an iron altar of Okawaru.
    13 | D        | Found a bloodstained altar of Trog.
    13 | D        | Found a sparkling altar of Nemelex Xobeh.
    13 | D        | Killed Joseph
    36 | D        | Found the +9 heavy crossbow "Sniper" {velocity, Acc+∞ SInv}
    36 | D        | Found the +10 dark maul {crush}
    36 | D        | Found the +15 Maxwell's patent armour {-Cast -Tele rElec
                  | MR+ rCorr}
    36 | D        | Found the +18 shield of the Gong {rElec rN+ MR+ EV-5}
    36 | D        | Found the cursed +14 obsidian axe {chop, +Fly SInv *Curse}
    37 | D        | Found the +6 shillelagh "Devastator" {shatter}
    37 | D        | Found the +11 plutonium sword {*Contam Stlth-}
    37 | D        | Found the +8 lance "Wyrmbane" {slay drac, rPois rF+ rC+
                  | AC+3}
    37 | D        | Found the +9 sword of Zonguldrok {reap}
    37 | D        | Found the cursed +13 scythe of Curses {drain, *Curse}
    37 | D        | Found the +0 sword of Power
    37 | D        | Found the +7 mace of Variability {chain chaos}
    37 | D        | Found the +7 Singing Sword {slice, sonic wave}
    37 | D        | Found the +7 longbow "Piercer" {penet, EV-2}
    73 | D        | Became a worshipper of Jiyva Jiakhlil the Shapeless
    73 | D        | Reached * piety under Jiyva
    73 | D        | Reached ** piety under Jiyva
    73 | D        | Reached *** piety under Jiyva
    73 | D        | Gained mutation: Your spells are a little harder to cast,
                  | but a little more powerful. [Jiyva's grace]
    73 | D        | Reached **** piety under Jiyva
    73 | D        | Gained mutation: Scrolls take you a little longer to read.
                  | [Jiyva's grace]
    73 | D        | Reached ***** piety under Jiyva
    73 | D        | Lost mutation: Your spells are a little harder to cast, but
                  | a little more powerful. [Jiyva's grace]
    73 | D        | Gained mutation: Your large and strong wings let you fly
                  | indefinitely. [Jiyva's grace]
    73 | D        | Reached ****** piety under Jiyva
    73 | D        | Gained mutation: You have sharp toenails. [Jiyva's grace]
    73 | D        | Lost mutation: You have sharp toenails. [Jiyva's grace]
    73 | D        | Gained mutation: You expend magic power (3 MP) to
                  | strengthen your wands. [Jiyva's grace]
    73 | D        | Gained mutation: Your muscles are strong. (Str +2) [Jiyva's
                  | grace]
    73 | D        | Gained mutation: You are agile. (Dex +2) [Jiyva's grace]
    73 | D        | Gained mutation: You are very agile. (Dex +4) [Jiyva's
                  | grace]
    73 | D        | Gained mutation: You occasionally shout uncontrollably at
                  | your foes. [Jiyva's grace]
    73 | D        | Gained mutation: Your muscles are very strong. (Str +4)
                  | [Jiyva's grace]
    73 | D        | Gained mutation: You are somewhat resistant to further
                  | mutation. [Jiyva's grace]
    73 | D        | Lost mutation: You are very agile. (Dex +4) [Jiyva's grace]
    73 | D        | Lost mutation: You are somewhat resistant to further
                  | mutation. [Jiyva's grace]
    73 | D        | Gained mutation: You are resistant to hostile enchantments.
                  | (MR+) [Jiyva's grace]
    73 | D        | Lost mutation: Scrolls take you a little longer to read.
                  | [Jiyva's grace]
    73 | D        | Gained mutation: You have acidic saliva. [Jiyva's grace]
    73 | D        | Lost mutation: You occasionally shout uncontrollably at
                  | your foes. [Jiyva's grace]
    73 | D        | Gained mutation: Your spells are a little harder to cast,
                  | but a little more powerful. [Jiyva's grace]
    73 | D        | Gained mutation: Your rubbery body absorbs attacks. (AC +1,
                  | EV +1) [Jiyva's grace]
    73 | D        | Lost mutation: You are agile. (Dex +2) [Jiyva's grace]
    73 | D        | Lost mutation: Your muscles are very strong. (Str +4)
                  | [Jiyva's grace]
    73 | D        | Lost mutation: Your large and strong wings let you fly
                  | indefinitely. [Jiyva's grace]
    73 | D        | Gained mutation: You possess an exceptional clarity of
                  | mind. [Jiyva's grace]
    73 | D        | Lost mutation: You possess an exceptional clarity of mind.
                  | [Jiyva's grace]
    73 | D        | Gained mutation: Your large and strong wings let you fly
                  | indefinitely. [Jiyva's grace]
    73 | D        | Lost mutation: You have acidic saliva. [Jiyva's grace]
    73 | D        | Lost mutation: You are resistant to hostile enchantments.
                  | (MR+) [Jiyva's grace]
    73 | D        | Gained mutation: You have a pair of small horns on your
                  | head. [Jiyva's grace]
    73 | D        | Lost mutation: Your muscles are strong. (Str +2) [Jiyva's
                  | grace]
    73 | D        | Gained mutation: You have large cloven feet. [Jiyva's
                  | grace]
    73 | D        | Gained mutation: You are covered in fur. (AC +1) [Jiyva's
                  | grace]
    73 | D        | Gained mutation: Your muscles are strong. (Str +2) [Jiyva's
                  | grace]
    73 | D        | Gained mutation: You are covered in slimy tendrils that may
                  | disarm your opponents. [Jiyva's grace]
    73 | D        | Lost mutation: Your rubbery body absorbs attacks. (AC +1,
                  | EV +1) [Jiyva's grace]
    73 | D        | Lost mutation: You expend magic power (3 MP) to strengthen
                  | your wands. [Jiyva's grace]
    73 | D        | Gained mutation: You are partially covered in iridescent
                  | scales. (AC +2) [Jiyva's grace]
    73 | D        | Gained mutation: You possess an exceptional clarity of
                  | mind. [Jiyva's grace]
    73 | D        | Gained mutation: You are surrounded by a mild repulsion
                  | field. (EV +2) [Jiyva's grace]
    73 | D        | Lost mutation: You have a pair of small horns on your head.
                  | [Jiyva's grace]
    73 | D        | Gained mutation: You have acidic saliva. [Jiyva's grace]
    73 | D        | Gained mutation: You evolve. [Jiyva's grace]
    73 | D        | Lost mutation: Your muscles are strong. (Str +2) [Jiyva's
                  | grace]
    73 | D        | Lost mutation: You possess an exceptional clarity of mind.
                  | [Jiyva's grace]
    73 | D        | Lost mutation: Your spells are a little harder to cast, but
                  | a little more powerful. [Jiyva's grace]
    73 | D        | Gained mutation: Armour fits poorly on your pseudopods.
                  | [Jiyva's grace]
    73 | D        | Lost mutation: You have acidic saliva. [Jiyva's grace]
    73 | D        | Gained mutation: You have a pair of small horns on your
                  | head. [Jiyva's grace]
    73 | D        | Gained mutation: You are agile. (Dex +2) [Jiyva's grace]
    73 | D        | Lost mutation: You are agile. (Dex +2) [Jiyva's grace]
    73 | D        | Lost mutation: You have a pair of small horns on your head.
                  | [Jiyva's grace]
    73 | D        | Lost mutation: You are partially covered in iridescent
                  | scales. (AC +2) [Jiyva's grace]
    73 | D        | Gained mutation: You expend magic power (3 MP) to
                  | strengthen your wands. [Jiyva's grace]
    73 | D        | Gained mutation: You possess an exceptional clarity of
                  | mind. [Jiyva's grace]
    73 | D        | Gained mutation: You have sharp fingernails. [Jiyva's
                  | grace]
    73 | D        | Gained mutation: You have a small jelly attached to you
                  | that may absorb incoming projectiles. [Jiyva's grace]
    73 | D        | Lost mutation: You are covered in fur. (AC +1) [Jiyva's
                  | grace]
    73 | D        | Gained mutation: You have hoof-like feet. [Jiyva's grace]
    73 | D        | Gained mutation: You are partially covered in rugged brown
                  | scales. (AC +1, +3% HP) [Jiyva's grace]
    73 | D        | Gained mutation: Your natural rate of healing is unusually
                  | fast. [Jiyva's grace]
    73 | D        | Gained mutation: Your body has grown golden eyes which may
                  | confuse attackers. (Acc +3) [Jiyva's grace]
    73 | D        | Lost mutation: You expend magic power (3 MP) to strengthen
                  | your wands. [Jiyva's grace]
    73 | D        | Lost mutation: You are covered in slimy tendrils that may
                  | disarm your opponents. [Jiyva's grace]
    73 | D        | Lost mutation: You possess an exceptional clarity of mind.
                  | [Jiyva's grace]
    73 | D        | Gained mutation: Armour fits poorly on your large
                  | pseudopods. [Jiyva's grace]
    73 | D        | Lost mutation: You evolve. [Jiyva's grace]
    73 | D        | Lost mutation: Your large and strong wings let you fly
                  | indefinitely. [Jiyva's grace]
    73 | D        | Gained mutation: You have hooves in place of feet. [Jiyva's
                  | grace]
    73 | D        | Lost mutation: Armour fits poorly on your large pseudopods.
                  | [Jiyva's grace]
    73 | D        | Gained mutation: You have a small jelly attached to you
                  | that senses nearby items. [Jiyva's grace]
    73 | D        | Lost mutation: You have hooves in place of feet. [Jiyva's
                  | grace]
    73 | D        | Gained mutation: Your mind is acute. (Int +2) [Jiyva's
                  | grace]
    73 | D        | Lost mutation: Your body has grown golden eyes which may
                  | confuse attackers. (Acc +3) [Jiyva's grace]
    73 | D        | Gained mutation: Your large and strong wings let you fly
                  | indefinitely. [Jiyva's grace]
    73 | D        | Gained mutation: You are covered in slimy tendrils that may
                  | disarm your opponents. [Jiyva's grace]
    73 | D        | Gained mutation: Your flesh is heat resistant. (rF+)
                  | [Jiyva's grace]
    73 | D        | Gained mutation: Armour fits poorly on your large
                  | pseudopods. [Jiyva's grace]
    73 | D        | Gained mutation: Your flesh is cold resistant. (rC+)
                  | [Jiyva's grace]
    73 | D        | Lost mutation: Your mind is acute. (Int +2) [Jiyva's grace]
    73 | D        | Lost mutation: You are surrounded by a mild repulsion
                  | field. (EV +2) [Jiyva's grace]
    73 | D        | Gained mutation: You have a somewhat thin skeletal
                  | structure. (Dex +2, Stealth) [Jiyva's grace]
    73 | D        | Gained mutation: You have a moderately thin skeletal
                  | structure. (Dex +4, Stealth+) [Jiyva's grace]
    73 | D        | Lost mutation: You are partially covered in rugged brown
                  | scales. (AC +1, +3% HP) [Jiyva's grace]
    73 | D        | Gained mutation: You are agile. (Dex +2) [Jiyva's grace]
    74 | D        | Lost mutation: You are covered in slimy tendrils that may
                  | disarm your opponents. [Jiyva's grace]
    74 | D        | Gained mutation: You have acidic saliva. [Jiyva's grace]
    74 | D        | Lost mutation: Your flesh is cold resistant. (rC+) [Jiyva's
                  | grace]
    74 | D        | Gained mutation: Your mind is acute. (Int +2) [Jiyva's
                  | grace]
    74 | D        | Gained mutation: You have a pair of small horns on your
                  | head. [Jiyva's grace]
    74 | D        | Lost mutation: You are agile. (Dex +2) [Jiyva's grace]
    74 | D        | Gained mutation: You expend magic power (3 MP) to
                  | strengthen your wands. [Jiyva's grace]
    75 | D        | Lost mutation: You have sharp fingernails. [Jiyva's grace]
    75 | D        | Lost mutation: You have a pair of small horns on your head.
                  | [Jiyva's grace]
    75 | D        | Lost mutation: You have hoof-like feet. [Jiyva's grace]
    75 | D        | Lost mutation: You have large cloven feet. [Jiyva's grace]
    75 | D        | Gained mutation: You are partially covered in slimy green
                  | scales. (AC +2) [Jiyva's grace]
    75 | D        | Lost mutation: You expend magic power (3 MP) to strengthen
                  | your wands. [Jiyva's grace]
    75 | D        | Lost mutation: You have a small jelly attached to you that
                  | senses nearby items. [Jiyva's grace]
    75 | D        | Gained mutation: Armour fits poorly on your massive
                  | pseudopods. [Jiyva's grace]
    75 | D        | Gained mutation: You are frail. (-10% HP) [Jiyva's grace]
    76 | D        | Lost mutation: Armour fits poorly on your massive
                  | pseudopods. [Jiyva's grace]
    77 | D        | Gained mutation: Your body has grown golden eyes which may
                  | confuse attackers. (Acc +3) [Jiyva's grace]
    77 | D        | Lost mutation: Your mind is acute. (Int +2) [Jiyva's grace]
    78 | D        | Lost mutation: Your large and strong wings let you fly
                  | indefinitely. [Jiyva's grace]
    78 | D        | Lost mutation: You have a small jelly attached to you that
                  | may absorb incoming projectiles. [Jiyva's grace]
    79 | D        | Killed Dissolution
    81 | D        | Gained mutation: Your spells are a little easier to cast,
                  | but a little less powerful. [Jiyva's grace]
    81 | D        | Gained mutation: You passively map a small area around you.
                  | [Jiyva's grace]
    82 | D        | Gained mutation: You have an increased reservoir of magic.
                  | (+10% MP) [Jiyva's grace]
    82 | D        | Gained mutation: You passively map the area around you.
                  | [Jiyva's grace]
    82 | D        | Gained mutation: Your muscles are strong. (Str +2) [Jiyva's
                  | grace]
    82 | D        | Lost mutation: Your body has grown golden eyes which may
                  | confuse attackers. (Acc +3) [Jiyva's grace]
    84 | D        | Gained mutation: You have sharp toenails. [Jiyva's grace]
    90 | D        | Gained mutation: Your flesh is very heat resistant. (rF++)
                  | [Jiyva's grace]
    90 | D        | Lost mutation: You have acidic saliva. [Jiyva's grace]
    90 | D        | Gained mutation: You are covered in slimy tendrils that may
                  | disarm your opponents. [Jiyva's grace]
    90 | D        | Lost mutation: You have an increased reservoir of magic.
                  | (+10% MP) [Jiyva's grace]
    90 | D        | Lost mutation: Your muscles are strong. (Str +2) [Jiyva's
                  | grace]
    90 | D        | Killed Dowan
    92 | D        | Gained mutation: You have a small jelly attached to you
                  | that senses nearby items. [Jiyva's grace]
    92 | D        | Lost mutation: Your spells are a little easier to cast, but
                  | a little less powerful. [Jiyva's grace]
    92 | D        | Gained mutation: You expend magic power (3 MP) to
                  | strengthen your wands. [Jiyva's grace]
    93 | D        | Entered arena 2.
    93 | D        | Noticed an orc wizard
    93 | D        | Noticed an orc priest
    93 | D        | Lost mutation: Your flesh is very heat resistant. (rF++)
                  | [Jiyva's grace]
    93 | D        | Found a transporter.
    94 | D        | Lost mutation: You passively map the area around you.
                  | [Jiyva's grace]
    94 | D        | Lost mutation: You are covered in slimy tendrils that may
                  | disarm your opponents. [Jiyva's grace]
    95 | D        | Killed an orc priest
    95 | D        | Reached skill level 6 in Fighting
    95 | D        | Reached XP level 2. HP: 16/19 MP: 2/2
    96 | D        | Gained mutation: Your body has grown golden eyes which may
                  | confuse attackers. (Acc +3) [Jiyva's grace]
    96 | D        | Reached skill level 7 in Fighting
    96 | D        | Reached XP level 3. HP: 26/26 MP: 3/3
    97 | D        | Gained mutation: You are covered in slimy tendrils that may
                  | disarm your opponents. [Jiyva's grace]
   101 | D        | Lost mutation: You have a small jelly attached to you that
                  | senses nearby items. [Jiyva's grace]
   104 | D        | Gained mutation: You have a pair of small antennae on your
                  | head. [Jiyva's grace]
   106 | D        | Lost mutation: You are frail. (-10% HP) [Jiyva's grace]
   107 | D        | Killed Terence
   107 | D        | Lost mutation: You are partially covered in slimy green
                  | scales. (AC +2) [Jiyva's grace]
   107 | D        | Lost mutation: You have sharp toenails. [Jiyva's grace]
   110 | D        | Gained mutation: Your translucent skin slightly reduces
                  | your foes' accuracy. (Stealth) [Jiyva's grace]
   110 | D        | Gained mutation: You are partially covered in rugged brown
                  | scales. (AC +1, +3% HP) [Jiyva's grace]
   110 | D        | Gained mutation: Your flesh is very heat resistant. (rF++)
                  | [Jiyva's grace]
   110 | D        | Lost mutation: You passively map a small area around you.
                  | [Jiyva's grace]
   110 | D        | Killed Ijyb
   112 | D        | Entered arena 3.
   112 | D        | Noticed an eye of draining
   112 | D        | Gained mutation: Armour fits poorly on your massive
                  | pseudopods. [Jiyva's grace]
   112 | D        | Gained mutation: You evolve. [Jiyva's grace]
   112 | D        | Lost mutation: You have a pair of small antennae on your
                  | head. [Jiyva's grace]
   112 | D        | Lost mutation: You are partially covered in rugged brown
                  | scales. (AC +1, +3% HP) [Jiyva's grace]
   112 | D        | Lost mutation: You expend magic power (3 MP) to strengthen
                  | your wands. [Jiyva's grace]
   112 | D        | Lost mutation: Your natural rate of healing is unusually
                  | fast. [Jiyva's grace]
   112 | D        | Lost mutation: You are covered in slimy tendrils that may
                  | disarm your opponents. [Jiyva's grace]
   112 | D        | Found a transporter.
   114 | D        | Lost mutation: You have a moderately thin skeletal
                  | structure. (Dex +4, Stealth+) [Jiyva's grace]
   116 | D        | Gained mutation: You have a small jelly attached to you
                  | that senses nearby items. [Jiyva's grace]
   116 | D        | Lost mutation: Your translucent skin slightly reduces your
                  | foes' accuracy. (Stealth) [Jiyva's grace]
   119 | D        | Got the ring of Podgha Tewow {rC+ SInv Stlth+}
   119 | D        | Lost mutation: You evolve. [Jiyva's grace]
   120 | D        | Gained mutation: You have acidic saliva. [Jiyva's grace]
   124 | D        | Gained mutation: You possess an exceptional clarity of
                  | mind. [Jiyva's grace]
   126 | D        | Entered arena 4.
   126 | D        | Noticed a purple ugly thing
   126 | D        | Noticed a rime drake
   126 | D        | Noticed a scorpion
   126 | D        | Noticed a tengu
   126 | D        | Found a transporter.
   127 | D        | Gained mutation: You have an increased reservoir of magic.
                  | (+10% MP) [Jiyva's grace]
   131 | D        | Killed a tengu
   131 | D        | Reached skill level 10 in Fighting
   131 | D        | Reached XP level 4. HP: 25/39 MP: 4/4
   131 | D        | Reached XP level 5. HP: 27/43 MP: 5/5
   132 | D        | Gained mutation: Scrolls take you a little longer to read.
                  | [Jiyva's grace]
   134 | D        | Killed a purple ugly thing
   134 | D        | Reached skill level 15 in Fighting
   134 | D        | Reached XP level 6. HP: 55/56 MP: 6/6
   134 | D        | Reached XP level 7. HP: 58/60 MP: 7/7
   136 | D        | Lost mutation: You possess an exceptional clarity of mind.
                  | [Jiyva's grace]
   137 | D        | Killed a rime drake
   137 | D        | Reached skill level 17 in Fighting
   143 | D        | Gained mutation: Your body has grown many golden eyes which
                  | may confuse attackers. (Acc +5) [Jiyva's grace]
   145 | D        | Killed Frances
   153 | D        | Gained mutation: You expend magic power (3 MP) to
                  | strengthen your wands. [Jiyva's grace]
   153 | D        | Lost mutation: You have acidic saliva. [Jiyva's grace]
   155 | D        | Gained mutation: You have a pair of small antennae on your
                  | head. [Jiyva's grace]
   158 | D        | Lost mutation: You expend magic power (3 MP) to strengthen
                  | your wands. [Jiyva's grace]
   159 | D        | Entered arena 5.
   159 | D        | Noticed a golden eye
   159 | D        | Noticed a slime creature
   159 | D        | Found a transporter.
   160 | D        | Gained mutation: Your large and strong wings let you fly
                  | indefinitely. [Jiyva's grace]
   161 | D        | Lost mutation: Your body has grown many golden eyes which
                  | may confuse attackers. (Acc +5) [Jiyva's grace]
   163 | D        | Lost mutation: You have a pair of small antennae on your
                  | head. [Jiyva's grace]
   165 | D        | Lost mutation: Your body has grown golden eyes which may
                  | confuse attackers. (Acc +3) [Jiyva's grace]
   168 | D        | Entered arena 6.
   168 | D        | Found a transporter.
   169 | D        | Gained mutation: Your mind is acute. (Int +2) [Jiyva's
                  | grace]
   172 | D        | Reached XP level 8. HP: 69/69 MP: 8/8
   172 | D        | Gained mutation: You are covered in slimy tendrils that may
                  | disarm your opponents. [Jiyva's grace]
   176 | D        | Lost mutation: You are covered in slimy tendrils that may
                  | disarm your opponents. [Jiyva's grace]
   182 | D        | Gained mutation: Your muscles are strong. (Str +2) [Jiyva's
                  | grace]
   185 | D        | Got the ring of Gin and Tonic {rElec rPois}
   188 | D        | Gained mutation: Your movements are slightly less
                  | encumbered by armour. (ER -2) [Jiyva's grace]
   189 | D        | Gained mutation: You expend magic power (3 MP) to
                  | strengthen your wands. [Jiyva's grace]
   191 | D        | Entered arena 7.
   191 | D        | Noticed a merfolk
   191 | D        | Noticed a hippogriff
   191 | D        | Noticed a merfolk
   191 | D        | Noticed a merfolk
   191 | D        | Noticed a merfolk
   191 | D        | Gained mutation: You possess an exceptional clarity of
                  | mind. [Jiyva's grace]
   192 | D        | Found a transporter.
   193 | D        | Lost mutation: Your mind is acute. (Int +2) [Jiyva's grace]
   194 | D        | Lost mutation: You possess an exceptional clarity of mind.
                  | [Jiyva's grace]
   196 | D        | Gained mutation: You are agile. (Dex +2) [Jiyva's grace]
   199 | D        | Gained mutation: You have a moderately thin skeletal
                  | structure. (Dex +4, Stealth+) [Jiyva's grace]
   200 | D        | Killed a hippogriff
   200 | D        | Reached skill level 18 in Fighting
   201 | D        | Lost mutation: Your muscles are strong. (Str +2) [Jiyva's
                  | grace]
   205 | D        | Killed a merfolk
   205 | D        | Lost mutation: Armour fits poorly on your massive
                  | pseudopods. [Jiyva's grace]
   207 | D        | Killed a merfolk
   207 | D        | Reached skill level 19 in Fighting
   209 | D        | Killed a merfolk
   212 | D        | Killed a merfolk
   212 | D        | Reached XP level 9. HP: 78/78 MP: 9/9
   214 | D        | Lost mutation: Scrolls take you a little longer to read.
                  | [Jiyva's grace]
   219 | D        | Lost mutation: You have an increased reservoir of magic.
                  | (+10% MP) [Jiyva's grace]
   224 | D        | Gained mutation: Your muscles are strong. (Str +2) [Jiyva's
                  | grace]
   227 | D        | Entered arena 8.
   228 | D        | Found a transporter.
   228 | D        | Gained mutation: Your mind is acute. (Int +2) [Jiyva's
                  | grace]
   232 | D        | Lost mutation: You are agile. (Dex +2) [Jiyva's grace]
   238 | D        | Reached skill level 20 in Fighting
   238 | D        | Lost mutation: Your large and strong wings let you fly
                  | indefinitely. [Jiyva's grace]
   239 | D        | Gained mutation: You have large cloven feet. [Jiyva's
                  | grace]
   239 | D        | Gained mutation: Your spells are a little harder to cast,
                  | but a little more powerful. [Jiyva's grace]
   239 | D        | Killed Duvessa
   240 | D        | Gained mutation: Your spells are harder to cast, but more
                  | powerful. [Jiyva's grace]
   246 | D        | Gained mutation: You are resistant to hostile enchantments.
                  | (MR+) [Jiyva's grace]
   246 | D        | Lost mutation: You are resistant to hostile enchantments.
                  | (MR+) [Jiyva's grace]
   251 | D        | Lost mutation: You have large cloven feet. [Jiyva's grace]
   252 | D        | Lost mutation: Your spells are harder to cast, but more
                  | powerful. [Jiyva's grace]
   253 | D        | Gained mutation: Your rubbery body absorbs attacks. (AC +1,
                  | EV +1) [Jiyva's grace]
   254 | D        | Lost mutation: Your rubbery body absorbs attacks. (AC +1,
                  | EV +1) [Jiyva's grace]
   255 | D        | Entered arena 9.
   255 | D        | Noticed a rime drake
   255 | D        | Noticed a rime drake
   256 | D        | Found the +3 crown of Dyrovepreva {rElec Int+2 SInv}
   256 | D        | Found a transporter.
   256 | D        | Lost mutation: You have a moderately thin skeletal
                  | structure. (Dex +4, Stealth+) [Jiyva's grace]
   258 | D        | Gained mutation: Your mind is very acute. (Int +4) [Jiyva's
                  | grace]
   259 | D        | Gained mutation: You have large cloven feet. [Jiyva's
                  | grace]
   259 | D        | Lost mutation: Armour fits poorly on your large pseudopods.
                  | [Jiyva's grace]
   259 | D        | Gained mutation: You have acidic saliva. [Jiyva's grace]
   259 | D        | Lost mutation: Armour fits poorly on your pseudopods.
                  | [Jiyva's grace]
   260 | D        | Killed a rime drake
   260 | D        | Lost mutation: You have a small jelly attached to you that
                  | senses nearby items. [Jiyva's grace]
   262 | D        | Gained mutation: You do not regenerate when monsters are
                  | visible. [Jiyva's grace]
   266 | D        | Killed a rime drake
   266 | D        | Reached skill level 21 in Fighting
   276 | D        | Gained mutation: You have a small jelly attached to you
                  | that senses nearby items. [Jiyva's grace]
   282 | D        | Got the ring of Hukhaipn {Wiz Str+2 Stlth+}
   286 | D        | Lost mutation: You do not regenerate when monsters are
                  | visible. [Jiyva's grace]
   295 | D        | Lost mutation: Your mind is very acute. (Int +4) [Jiyva's
                  | grace]
   297 | D        | Gained mutation: You have a pair of small antennae on your
                  | head. [Jiyva's grace]
   304 | D        | Lost mutation: Your spells are a little harder to cast, but
                  | a little more powerful. [Jiyva's grace]
   304 | D        | Gained mutation: You are robust. (+10% HP) [Jiyva's grace]
   304 | D        | Gained mutation: You have a small jelly attached to you
                  | that may absorb incoming projectiles. [Jiyva's grace]
   304 | D        | Lost mutation: Your muscles are strong. (Str +2) [Jiyva's
                  | grace]
   305 | D        | Entered arena 10.
   305 | D        | Noticed a hornet
   305 | D        | Noticed a yaktaur
   305 | D        | Noticed a wolf spider
   305 | D        | Noticed a vault guard
   305 | D        | Noticed a vault guard
   305 | D        | Noticed a vault warden
   305 | D        | Noticed a vault guard
   305 | D        | Noticed a brown ugly thing
   306 | D        | Lost mutation: You are robust. (+10% HP) [Jiyva's grace]
   307 | D        | Found a transporter.
   308 | D        | Lost mutation: Your flesh is very heat resistant. (rF++)
                  | [Jiyva's grace]
   311 | D        | Killed a wolf spider
   311 | D        | Reached skill level 22 in Fighting
   314 | D        | Killed a vault guard
   314 | D        | Reached XP level 10. HP: 87/90 MP: 10/10
   319 | D        | Killed a vault guard
   319 | D        | Reached skill level 23 in Fighting
   319 | D        | Lost mutation: You have a small jelly attached to you that
                  | senses nearby items. [Jiyva's grace]
   322 | D        | Killed a brown ugly thing
   327 | D        | Killed a vault warden
   327 | D        | Reached skill level 24 in Fighting
   330 | D        | Killed a vault guard
   330 | D        | Reached XP level 11. HP: 99/99 MP: 11/11
   330 | D        | Lost mutation: You have large cloven feet. [Jiyva's grace]
   333 | D        | Reached skill level 25 in Fighting
   337 | D        | Lost mutation: You have a small jelly attached to you that
                  | may absorb incoming projectiles. [Jiyva's grace]
   352 | D        | Lost mutation: You have acidic saliva. [Jiyva's grace]
   360 | D        | Gained mutation: You are partially covered in large bone
                  | plates. (SH +4) [Jiyva's grace]
   365 | D        | Gained mutation: Your body has grown golden eyes which may
                  | confuse attackers. (Acc +3) [Jiyva's grace]
   370 | D        | Lost mutation: You have a somewhat thin skeletal structure.
                  | (Dex +2, Stealth) [Jiyva's grace]
   371 | D        | Gained mutation: You have an increased reservoir of magic.
                  | (+10% MP) [Jiyva's grace]
   374 | D        | Entered arena 11.
   374 | D        | Noticed a cyclops
   374 | D        | Lost mutation: Your mind is acute. (Int +2) [Jiyva's grace]
   374 | D        | Gained mutation: Your muscles are strong. (Str +2) [Jiyva's
                  | grace]
   375 | D        | Identified the cursed +2 flail of Tenacity {crush, -Tele
                  | +Fly rElec}
   375 | D        | Identified the +3 hand axe of Moderation {drain, rC- Int+5
                  | Stlth+}
   375 | D        | Found a transporter.
   376 | D        | Killed Louise
   377 | D        | Gained mutation: You have a pair of antennae on your head.
                  | [Jiyva's grace]
   378 | D        | Lost mutation: Your body has grown golden eyes which may
                  | confuse attackers. (Acc +3) [Jiyva's grace]
   380 | D        | Gained mutation: You are somewhat resistant to further
                  | mutation. [Jiyva's grace]
   382 | D        | Gained mutation: Your body has grown golden eyes which may
                  | confuse attackers. (Acc +3) [Jiyva's grace]
   382 | D        | Gained mutation: You possess an exceptional clarity of
                  | mind. [Jiyva's grace]
   388 | D        | Gained mutation: You are partially covered in thin metallic
                  | scales. (AC +2) [Jiyva's grace]
   388 | D        | Lost mutation: You are partially covered in thin metallic
                  | scales. (AC +2) [Jiyva's grace]
   401 | D        | Gained mutation: You have sharp fingernails. [Jiyva's
                  | grace]
   418 | D        | Lost mutation: You are somewhat resistant to further
                  | mutation. [Jiyva's grace]
   418 | D        | Gained mutation: You evolve. [Jiyva's grace]
   419 | D        | Killed a cyclops
   428 | D        | Gained mutation: You are agile. (Dex +2) [Jiyva's grace]
   435 | D        | Gained mutation: Your spells are a little harder to cast,
                  | but a little more powerful. [Jiyva's grace]
   437 | D        | Lost mutation: You expend magic power (3 MP) to strengthen
                  | your wands. [Jiyva's grace]
   437 | D        | Gained mutation: Your muscles are very strong. (Str +4)
                  | [Jiyva's grace]
   437 | D        | Gained mutation: You have acidic saliva. [Jiyva's grace]
   443 | D        | Gained mutation: You are mostly covered in large bone
                  | plates. (SH +6) [Jiyva's grace]
   456 | D        | Lost mutation: Your spells are a little harder to cast, but
                  | a little more powerful. [Jiyva's grace]
   459 | D        | Lost mutation: You have an increased reservoir of magic.
                  | (+10% MP) [Jiyva's grace]
   461 | D        | Entered arena 12.
   461 | D        | Noticed a death ooze
   461 | D        | Noticed an azure jelly
   461 | D        | Noticed a death ooze
   462 | D        | Lost mutation: You possess an exceptional clarity of mind.
                  | [Jiyva's grace]
   463 | D        | Found a transporter.
   465 | D        | Lost mutation: You have a pair of antennae on your head.
                  | [Jiyva's grace]
   466 | D        | Lost mutation: You are mostly covered in large bone plates.
                  | (SH +6) [Jiyva's grace]
   466 | D        | Lost mutation: Your flesh is heat resistant. (rF+) [Jiyva's
                  | grace]
   471 | D        | Got the Tome of the Quantum Arsonist
   471 | D        | Lost mutation: You evolve. [Jiyva's grace]
   473 | D        | Gained mutation: You expend magic power (3 MP) to
                  | strengthen your wands. [Jiyva's grace]
   475 | D        | Lost mutation: Your muscles are very strong. (Str +4)
                  | [Jiyva's grace]
   479 | D        | Lost mutation: You have acidic saliva. [Jiyva's grace]
   480 | D        | Entered arena 13.
   480 | D        | Noticed a death ooze
   480 | D        | Noticed an azure jelly
   480 | D        | Noticed a glowing orange brain
   480 | D        | Noticed a death ooze
   482 | D        | Found a transporter.
   483 | D        | Lost mutation: You are agile. (Dex +2) [Jiyva's grace]
   484 | D        | Gained mutation: Your flesh is cold resistant. (rC+)
                  | [Jiyva's grace]
   484 | D        | Lost mutation: You have a pair of small antennae on your
                  | head. [Jiyva's grace]
   488 | D        | Lost mutation: Your movements are slightly less encumbered
                  | by armour. (ER -2) [Jiyva's grace]
   490 | D        | Got the Incunabulum of Unholy Rituals and Malediction
   497 | D        | Gained mutation: You possess an exceptional clarity of
                  | mind. [Jiyva's grace]
   503 | D        | Learned a level 9 spell: Tornado
   504 | D        | Gained mutation: You have a pair of small antennae on your
                  | head. [Jiyva's grace]
   511 | D        | Entered arena 14.
   512 | D        | Noticed an orc sorcerer
   512 | D        | Noticed an orc warlord
   512 | D        | Noticed an orc high priest
   514 | D        | Gained mutation: You have a small jelly attached to you
                  | that senses nearby items. [Jiyva's grace]
   514 | D        | Noticed an orc knight
   516 | D        | Reached skill level 1 in Polearms
   520 | D        | Reached skill level 1 in Air Magic
   528 | D        | Lost mutation: You have a small jelly attached to you that
                  | senses nearby items. [Jiyva's grace]
   529 | D        | Gained mutation: Your flesh is very cold resistant. (rC++)
                  | [Jiyva's grace]
   532 | D        | Lost mutation: Your flesh is very cold resistant. (rC++)
                  | [Jiyva's grace]
   533 | D        | Gained mutation: Your flesh is heat resistant. (rF+)
                  | [Jiyva's grace]
   533 | D        | Gained mutation: You have very sharp teeth. [Jiyva's grace]
   534 | D        | Lost mutation: Your body has grown golden eyes which may
                  | confuse attackers. (Acc +3) [Jiyva's grace]
   538 | D        | Gained mutation: Your rubbery body absorbs attacks. (AC +1,
                  | EV +1) [Jiyva's grace]
   544 | D        | Lost mutation: You have sharp fingernails. [Jiyva's grace]
   546 | D        | Killed an orc warlord
   549 | D        | Killed an orc knight
   550 | D        | Killed an orc high priest
   550 | D        | Reached skill level 5 in Polearms
   552 | D        | Killed an orc sorcerer
   552 | D        | Reached skill level 5 in Air Magic
   553 | D        | Gained mutation: You are robust. (+10% HP) [Jiyva's grace]
   561 | D        | Found a transporter.
   574 | D        | Lost mutation: You expend magic power (3 MP) to strengthen
                  | your wands. [Jiyva's grace]
   583 | D        | Lost mutation: Your muscles are strong. (Str +2) [Jiyva's
                  | grace]
   586 | D        | Gained mutation: You have a small jelly attached to you
                  | that may absorb incoming projectiles. [Jiyva's grace]
   589 | D        | Entered arena 15.
   589 | D        | Identified the ring of Truth {rF++ rC++ SInv Stlth+}
   589 | D        | Noticed an angel
   589 | D        | Identified the +2 chain mail of Zomnu {rN+}
   589 | D        | Identified the ring "Rucraygi" {+Blink rPois AC+4 Dex+3}
   589 | D        | Noticed an angel
   590 | D        | Gained mutation: You occasionally shout uncontrollably at
                  | your foes. [Jiyva's grace]
   591 | D        | Noticed a cherub
   594 | D        | Gained mutation: Your translucent skin slightly reduces
                  | your foes' accuracy. (Stealth) [Jiyva's grace]
   595 | D        | Lost mutation: You are partially covered in large bone
                  | plates. (SH +4) [Jiyva's grace]
   602 | D        | Gained mutation: You are covered in slimy tendrils that may
                  | disarm your opponents. [Jiyva's grace]
   603 | D        | Gained mutation: You are partially covered in rugged brown
                  | scales. (AC +1, +3% HP) [Jiyva's grace]
   605 | D        | Lost mutation: You are covered in slimy tendrils that may
                  | disarm your opponents. [Jiyva's grace]
   607 | D        | Lost mutation: Your flesh is cold resistant. (rC+) [Jiyva's
                  | grace]
   607 | D        | Lost mutation: Your translucent skin slightly reduces your
                  | foes' accuracy. (Stealth) [Jiyva's grace]
   607 | D        | Gained mutation: Your large and strong wings let you fly
                  | indefinitely. [Jiyva's grace]
   607 | D        | Lost mutation: Your rubbery body absorbs attacks. (AC +1,
                  | EV +1) [Jiyva's grace]
   607 | D        | Lost mutation: Your flesh is heat resistant. (rF+) [Jiyva's
                  | grace]
   607 | D        | Gained mutation: You have a somewhat thin skeletal
                  | structure. (Dex +2, Stealth) [Jiyva's grace]
   609 | D        | Gained mutation: Your muscles are strong. (Str +2) [Jiyva's
                  | grace]
   609 | D        | Gained mutation: You evolve. [Jiyva's grace]
   609 | D        | Gained mutation: You are resistant to hostile enchantments.
                  | (MR+) [Jiyva's grace]
   610 | D        | Lost mutation: You possess an exceptional clarity of mind.
                  | [Jiyva's grace]
   610 | D        | Lost mutation: You have a small jelly attached to you that
                  | may absorb incoming projectiles. [Jiyva's grace]
   611 | D        | Lost mutation: You have a somewhat thin skeletal structure.
                  | (Dex +2, Stealth) [Jiyva's grace]
   616 | D        | Lost mutation: You occasionally shout uncontrollably at
                  | your foes. [Jiyva's grace]
   618 | D        | Gained mutation: You are surrounded by a mild repulsion
                  | field. (EV +2) [Jiyva's grace]
   620 | D        | Lost mutation: Your large and strong wings let you fly
                  | indefinitely. [Jiyva's grace]
   621 | D        | Lost mutation: Your muscles are strong. (Str +2) [Jiyva's
                  | grace]
   627 | D        | Gained mutation: You are surrounded by a moderate repulsion
                  | field. (EV +3) [Jiyva's grace]
   629 | D        | Lost mutation: You are resistant to hostile enchantments.
                  | (MR+) [Jiyva's grace]
   633 | D        | Gained mutation: You are very robust. (+20% HP) [Jiyva's
                  | grace]
   635 | D        | Killed Erica
   645 | D        | Found a transporter.
   648 | D        | Entered arena 16.
   648 | D        | Noticed an acid blob
   648 | D        | Noticed an azure jelly
   648 | D        | Noticed an acid blob
   648 | D        | Noticed a glowing orange brain
   651 | D        | Found a transporter.
   657 | D        | Got the ring of Existentialism {rPois Int+7}
   662 | D        | Got Gyvizumo's Volume of Displacement and the Entourage
   855 | D        | Entered arena 17.
   855 | D        | Noticed a great orb of eyes
   855 | D        | Noticed a shining eye
   855 | D        | Noticed an acid blob
   855 | D        | Noticed an azure jelly
   856 | D        | Noticed a shining eye
   857 | D        | Noticed a death ooze
   860 | D        | Found a transporter.
   867 | D        | Got the Reference Book on the Venomous Blaze
   883 | D        | Killed Agnes
   889 | D        | Entered arena 18.
   889 | D        | Noticed a spriggan berserker
   889 | D        | Noticed a spriggan rider
   889 | D        | Noticed a dire elephant
   889 | D        | Identified the ring "Nehu" {rPois rC- MP+9 Int+8 Dex+4}
   889 | D        | Noticed a spriggan berserker
   889 | D        | Noticed a spriggan berserker
   890 | D        | Identified the ring "Idosk" {Ice Dex+3}
   890 | D        | Noticed a spriggan druid
   891 | D        | Noticed a spriggan druid
   899 | D        | Killed a spriggan berserker
   902 | D        | Killed a spriggan berserker
   906 | D        | Noticed a death yak
   906 | D        | Killed a sea snake
   913 | D        | Slimified a spriggan druid
   913 | D        | a spriggan druid changed into a slime creature
   914 | D        | Found a transporter.
   914 | D        | Noticed a spriggan defender
   914 | D        | Noticed an apis
   914 | D        | Noticed an oklob plant
   914 | D        | Noticed a dire elephant
   914 | D        | Noticed a spriggan air mage
   914 | D        | Noticed a spriggan air mage
   914 | D        | Noticed a spriggan air mage
   914 | D        | Gained mutation: You have supernaturally acute eyesight.
                  | (SInv) [Jiyva's grace]
   914 | D        | Lost mutation: You have very sharp teeth. [Jiyva's grace]
   915 | D        | Gained mutation: You have a small jelly attached to you
                  | that may absorb incoming projectiles. [Jiyva's grace]
   916 | D        | Entered arena 19.
   918 | D        | HP: 5/124 [spriggan defender/+3 demon whip of flaming (2)]
   919 | D        | Noticed a wolf spider
   920 | D        | Noticed a merfolk javelineer
   920 | D        | Noticed a merfolk impaler
   920 | D        | Noticed a merfolk impaler
   920 | D        | Noticed a merfolk javelineer
   920 | D        | Noticed a merfolk impaler
   920 | D        | Noticed a harpy
   920 | D        | Noticed a merfolk javelineer
   924 | D        | Killed from afar by a spriggan air mage

Skill      XL: |  1  2  3  4  5  6  7  8  9 10 11 |
---------------+----------------------------------+-----
Fighting       | 6 7 10 15 17 19 22 24 25 | 25.9
Polearms       | 7 |  7.1
Air Magic      | 6 |  6.4
Axes           | |  1.7
Armour         | |  3.2
Shields        | |  3.2

Action                   |  1- 3 |  4- 6 |  7- 9 | 10-12 || total
-------------------------+-------+-------+-------+-------++-------
Melee: Lance             |     5 |     3 |    64 |   188 ||   260
       Pseudopods        |     1 |     3 |    12 |       ||    16
       Kick              |     1 |       |     9 |    10 ||    20
       Bite              |       |     1 |     6 |    26 ||    33
Invok: Request Jelly     |     1 |       |     5 |     4 ||    10
       Slimify           |       |       |       |     2 ||     2
  Use: Potion            |     1 |       |     1 |    12 ||    14
       Scroll            |       |       |       |     5 ||     5
 Stab: Distracted        |       |       |     1 |       ||     1
Armor: Crystal plate arm |     2 |     4 |    96 |   412 ||   514
Dodge: Dodged            |       |       |    23 |    62 ||    85
Block: Shield            |     5 |     5 |    90 |   334 ||   434
